 Dungeon Crawl Stone Soup version 0.17-a0-1882-g750edc8 (webtiles) character file.

1026 barthelm the Slicer (level 8, -6/53 HPs)
             Began as a Kobold Berserker on Sept 22, 2015.
             Was an Elder of Trog.
             Mangled by an orc warrior
             ... wielding a +0 halberd
              (21 damage)
             ... on level 6 of the Dungeon.
             The game lasted 00:21:43 (3880 turns).

barthelm the Slicer (Kobold Berserker)              Turns: 3880, Time: 00:21:44

Health: -6/53      AC:  5    Str: 17    XL:     8   Next: 47%
Magic:  8/8        EV: 15    Int:  5    God:    Trog [****..]
Gold:   125        SH:  0    Dex: 16    Spells: 0 memorised, 7 levels left

rFire  + . .     SeeInvis .     h - +2 short sword (venom)
rCold  . . .     Clarity  .     q - +2 leather armour
rNeg   . . .     SustAt   .     (shield restricted)
rPois  .         Gourm    .     (no helmet)
rElec  .         Spirit   .     (no cloak)
rCorr  .         Warding  .     (no gloves)
rMut   .         Stasis   .     (no boots)
MR     ++...                    (no amulet)
Stlth  +.........               e - ring of flight
                                d - ring of protection from fire

@: exhausted, about to teleport, regenerating, slowed, very slow, very resistant
to hostile enchantments, very unstealthy
A: carnivore 3
a: Burn Spellbooks, Berserk, Trog's Hand, Brothers in Arms, Renounce Religion,
Evoke Flight


You were on level 6 of the Dungeon.
You worshipped Trog.
Trog was greatly pleased with you.
You were not hungry.

You visited 1 branch of the dungeon, and saw 6 of its levels.

You collected 233 gold pieces.
You spent 108 gold pieces at shops.

Inventory:

Hand weapons
 h - a +2 short sword of venom (weapon)
Missiles
 g - 13 tomahawks (quivered)
Armour
 b - a +0 animal skin
 q - a +2 leather armour (worn)
Jewellery
 d - a ring of protection from fire (left hand)
 e - a ring of flight (right hand)
Magical devices
 r - a wand of digging (10)
Scrolls
 a - a scroll of fear
 f - 4 scrolls of remove curse
 i - a scroll of teleportation
 m - 2 scrolls of immolation
Potions
 j - 3 potions of curing
 l - a potion of agility
 n - a potion of magic
 p - a potion of might
 t - a potion of haste {unknown}
Comestibles
 c - 4 meat rations
 k - a royal jelly
 o - 2 slices of pizza


   Skills:
 + Level 7.5 Fighting
 + Level 9.8 Short Blades
 - Level 1.6 Armour
 - Level 2.7 Dodging


You had 7 spell levels left.
You didn't know any spells.

Dungeon Overview and Level Annotations

Branches:
Dungeon (6/15)             Temple (0/1) D:6

Altars:
Ru

Shops:
D:5 *


Innate Abilities, Weirdness & Mutations

You are small and have problems with some larger weapons.
You are carnivorous and can eat meat at any time.


Message History

The orc warrior hits you with a halberd!
The giant gecko barely misses you. The orc completely misses you.
You barely miss the orc warrior.
The orc hits you with a flail of crushing.
The orc misses you. The giant gecko closely misses you.
The orc warrior barely misses you.
You hit the orc warrior.
The orc warrior is poisoned.
The orc warrior is lightly wounded.
The orc misses you.
The orc hits you with a flail of crushing.
* * * LOW HITPOINT WARNING * * *
x2 The giant gecko bites you but does no damage.
The orc closely misses you.
An orc and an orc warrior come into view.
As you read the scroll of teleportation, it crumbles to dust.
You feel strangely unstable.
The giant gecko hisses menacingly.
The orc closely misses you.
The orc warrior hits you with a halberd!!
You die...

..# .. ##.. ...
...###... #........
##.......# #........#
.. ##.oo.>...# ...
####..@o...#
....####....#olO..#
............#l.o.....
.....8.8.8.#......#.
##.#..⌠.⌠!.#........
#....8.>.8...#.##..o
#.....⌠.⌠......# .#o
#....8.8.8......# .
#................


You could see 2 orc warriors, an ogre, 5 orcs and 2 giant geckos.

Vanquished Creatures
  2 sky beasts (D:5)
  An ogre (D:5)
  The ghost of CipHuK the Firebug, an average DEFE (D:4)
  A giant frog (D:4)
  2 crimson imps (D:5)
  A hound (D:6)
  3 giant frog skeletons
  2 orc priests (D:6)
  An orc wizard (D:6)
  6 worker ants
  13 adders
  A shadow imp (D:6)
  An ooze (D:1)
  7 worms
  4 orcs
  5 ball pythons
  13 bats
  A giant cockroach (D:1)
  6 goblins
  7 hobgoblins
  7 jackals
  5 kobolds
  4 quokkas
  4 giant geckos
  7 giant newts
  11 rats
116 creatures vanquished.

Notes
Turn   | Place    | Note
--------------------------------------------------------------
     0 | D:1      | barthelm the Kobold Berserker began the quest for the Orb.
     0 | D:1      | Reached XP level 1. HP: 14/14 MP: 1/1
    44 | D:1      | Reached XP level 2. HP: 19/19 MP: 2/2
   446 | D:1      | Reached XP level 3. HP: 16/24 MP: 3/3
   462 | D:1      | Acquired Trog's second power
   885 | D:2      | Reached skill level 5 in Short Blades
   954 | D:2      | Reached XP level 4. HP: 8/29 MP: 4/4
  1480 | D:2      | Reached XP level 5. HP: 26/34 MP: 5/5
  2125 | D:3      | Reached skill level 5 in Fighting
  2125 | D:3      | Reached skill level 6 in Short Blades
  2277 | D:3      | Reached XP level 6. HP: 40/40 MP: 6/6
  2388 | D:4      | Found a sacrificial altar of Ru.
  2472 | D:4      | Noticed CipHuK's ghost (average DEFE)
  2488 | D:4      | Killed CipHuK's ghost
  2513 | D:4      | Reached skill level 7 in Short Blades
  2575 | D:4      | Acquired Trog's third power
  2709 | D:4      | Reached XP level 7. HP: 31/46 MP: 7/7
  2835 | D:5      | Entered Level 5 of the Dungeon
  2870 | D:5      | Found Utieg's Assorted Antiques.
  2875 | D:5      | Bought a scroll labeled YQAMOIS MEDALAO for 27 gold pieces
  2875 | D:5      | Bought a scroll labeled VAECACH FEVUGE for 27 gold pieces
  2875 | D:5      | Bought 2 scrolls labeled XASUCVEORE for 54 gold pieces
  3006 | D:5      | Reached skill level 8 in Short Blades
  3177 | D:5      | Reached XP level 8. HP: 38/53 MP: 8/8
  3277 | D:5      | Reached skill level 9 in Short Blades
  3843 | D:6      | Found a staircase to the Ecumenical Temple.
  3880 | D:6      | Mangled by an orc warrior

Vault maps used:
D:1:      dpeg_arrival_court
D:3:      first_bread, minmay_misc_feat_doors, minmay_misc_feat_plants
D:4:      nicolae_ru_awakened_eye
D:5:      serial_shops, kennysheep_little_box, serial_bayou_lake_a
D:6:      minmay_temple_entry_statues_fountains

Action                   |  1- 3 |  4- 6 |  7- 9 || total
-------------------------+-------+-------+-------++-------
Melee: Short sword       |   110 |   197 |    90 ||   397
Throw: Tomahawk          |    10 |       |       ||    10
Invok: Berserk           |     1 |     3 |     4 ||     8
       Trog's Hand       |       |     1 |     2 ||     3
 Abil: Evoke Flight      |       |       |     1 ||     1
  Use: Scroll            |     1 |     9 |     7 ||    17
 Stab: Sleeping          |     1 |     6 |       ||     7
  Eat: Chunk             |     7 |    11 |     3 ||    21
